 Dungeon Crawl Stone Soup version 0.26-a0-70-g31f1466007 (webtiles) character file.

Game seed: 15516220562818981062

0 Gargoyl the Skirmisher (level 1, -26/19 HPs)
             Began as a Centaur Abyssal Knight on June 14, 2020.
             Was a Follower of Lugonu.
             Annihilated by a large abomination (27 damage)
             ... on level 3 of the Abyss.
             The game lasted 00:00:42 (177 turns).

Gargoyl the Skirmisher (Centaur Abyssal Knight)      Turns: 177, Time: 00:00:43

Health: -26/19     AC:  4    Str: 14    XL:     1   Next: 0%
Magic:  0/2        EV:  9    Int: 11    God:    Lugonu [*.....]
Gold:   103        SH:  0    Dex:  8    Spells: 0/0 levels left

rFire    . . .     SeeInvis .   a - +1 hand axe
rCold    . . .     Gourm    .   (no shield)
rNeg     . . .     Faith    .   b - +0 leather armour
rPois    .         Spirit   .   (no helmet)
rElec    .         Reflect  .   (no cloak)
rCorr    .         Harm     .   (no gloves)
MR       .....                  (no barding)
Stlth    ..........             d - amulet of inaccuracy (curse)
HPRegen  0.06/turn              (no ring)
MPRegen  0.08/turn              (no ring)

@: stab, very quick
A: large, hooves 3, deformed body, speed 2, tough skin 3
a: Depart the Abyss, Renounce Religion


You were on level 3 of the Abyss.
You worshipped Lugonu.
Lugonu was aware of your devotion.
You were not hungry.

You visited 0 branches of the dungeon, and saw 0 of its levels.
You visited the Abyss 1 time.

You collected 103 gold pieces.

Inventory:

Hand Weapons
 a - a +1 hand axe (weapon)
Armour
 b - a +0 leather armour (worn)
Jewellery
 d - a cursed amulet of inaccuracy (around neck)
Scrolls
 e - a scroll of fog {unknown}
Comestibles
 c - a ration


   Skills:
 + Level 3.0 Fighting
 + Level 1.7 Axes
 + Level 1.3 Armour
 + Level 0.6 Dodging
 + Level 2.0 Invocations


You couldn't memorise any spells.
You didn't know any spells.
Your spell library was empty.

Dungeon Overview and Level Annotations

Branches:
Dungeon (0/15)

Altars:


Innate Abilities, Weirdness & Mutations

You have hooves in place of feet.
Armour fits poorly on your strangely shaped body.
You cover ground very quickly.
You have extremely tough skin. (AC +3)


Message History

A neqoxec comes into view.
The neqoxec shouts!
You hear a chilling moan.
A thrashing horror comes into view.
The thrashing horror roars!
The thrashing horror barely misses you. The thrashing horror tramples you.
* * * LOW HITPOINT WARNING * * *
You stumble backwards!
Unknown command.
The thrashing horror roars!
Something hits you.
* * * LOW HITPOINT WARNING * * *
You feel your power leaking away.
Deactivating autopickup; reactivate with Ctrl-A.
The thrashing horror closely misses you.
The thrashing horror tramples you.
* * * LOW HITPOINT WARNING * * *
You stumble backwards!
The large abomination hits you!!
Ouch! That really hurt!
You die...

# .. .## ##. ##.
..# .... ..#..
.....#...
#.....#
#.#######
#...#.#.#
#.###X#..# #.
#..@## ###
.≈...≈.X..X.##.
≈≈≈≈≈≈≈≈..##33.
≈≈.≈≈≈≈≈≈≈.# #3#
≈.≈≈≈≈≈≈≈≈.# ##
≈≈≈≈≈≈≈≈.≈..#..#
.≈≈≈X>≈≈.≈.###.
≈≈≈≈≈≈≈≈≈≈### .
≈ ≈ ≈≈≈≈≈...#


You could see a kraken, a tentacled starspawn, a thrashing horror, a large
abomination, a smoke demon and a neqoxec.

Vanquished Creatures (others)
  4 starspawn tentacles (Abyss:3)
4 creatures vanquished.

Notes
Turn   | Place    | Note
-------+----------+-------------------------------------------
     0 | Abyss:1  | Gargoyl the Centaur Abyssal Knight began the quest for the
                  | Orb.
     0 | Abyss:1  | Reached XP level 1. HP: 19/19 MP: 2/2
    53 | Abyss:2  | Found a snail-covered altar of Cheibriados.
   105 | Abyss:3  | Noticed an ancient zyme
   108 | Abyss:3  | Noticed a chaos spawn
   110 | Abyss:3  | Noticed a large abomination
   133 | Abyss:3  | Noticed a large abomination
   135 | Abyss:3  | Noticed a tentacled starspawn
   138 | Abyss:3  | Noticed an efreet
   145 | Abyss:3  | Noticed a kraken
   145 | Abyss:3  | Noticed a smoke demon
   153 | Abyss:3  | Noticed a neqoxec
   173 | Abyss:3  | Noticed a thrashing horror
   177 | Abyss:3  | Annihilated by a large abomination

Illustrated notes

Levels and vault maps discovered:
Abyss:3:  evilmike_abyss_exit_kraken, bh_silent_lugonu_exit,
          evilmike_abyss_exit_kraken, nicolae_abyss_rune_star_stuff

Action                   || total
-------------------------++-------
  Use: Potion            ||     2
Dodge: Dodged            ||     2

Table legend:
 A = Non-vault XP
 B = Vault XP
 C = Vault XP percentage of total XP
 D = Non-vault monster count
 E = Vault monster count
 F = Vault count percentage of total count
                 A         B        C        D         E       F
            +---------+---------+-------+---------+---------+-------
      Total |       0 |       0 |   N/A |       0 |       0 |  -nan
            +---------+---------+-------+---------+---------+-------
            +---------+---------+-------+---------+---------+-------
